 Dungeon Crawl Stone Soup version 0.29.1-1-gd02db6906a (webtiles) character file.

Game seed: 11507282570566895055

109 Ashen the Trooper (level 4, -1/49 HPs)
             Began as an Ogre Monk on Oct 15, 2022.
             Slain by a gnoll
             ... wielding a +0 whip
              (8 damage)
             ... on level 3 of the Dungeon.
             The game lasted 00:05:34 (2834 turns).

Ashen the Trooper (Ogre Monk)                       Turns: 2834, Time: 00:05:34

Health: -1/49      AC:  3    Str: 15    XL:     4   Next: 89%
Magic:  4/4        EV: 10    Int: 11    God:
Gold:   75         SH:  0    Dex: 13    Spells: 3/3 levels left

rFire   . . .      SeeInvis .   r - +0 flail
rCold   . . .      Faith    .   (no shield)
rNeg    . . .      Spirit   .   b - +0 robe
rPois   +          Reflect  .   (helmet restricted)
rElec   .          Harm     .   (no cloak)
rCorr   .          Rampage  .   (gloves unavailable)
Will    +....                   (boots unavailable)
Stlth   +.........              l - amulet of regeneration
HPRegen 0.96/turn               s - ring of willpower
MPRegen 0.09/turn               k - ring of poison resistance

@: confused, ambrosia-drunk
A: large, unfitting armour, tough skin 1
a: no special abilities


You were on level 3 of the Dungeon.
You visited 1 branch of the dungeon, and saw 4 of its levels.

You collected 145 gold pieces.
You spent 70 gold pieces at shops.

Inventory:

Hand Weapons
 r - a +0 flail (weapon)
Missiles
 d - 24 stones (quivered)
Armour
 b - a +0 robe (worn)
Jewellery
 k - a ring of poison resistance (right hand)
 l - an amulet of regeneration (around neck)
 s - a ring of willpower (left hand)
 v - a ring of resist corrosion
Scrolls
 a - 2 scrolls of noise {unknown}
 e - a scroll of enchant armour {unknown}
 h - a scroll of summoning {unknown}
 j - 3 scrolls of identify {unknown}
 n - a scroll of teleportation {unknown}
 u - a scroll of brand weapon {unknown}
 w - a scroll of fog {unknown}
 x - a scroll of vulnerability {unknown}
Potions
 c - a potion of ambrosia
 f - a potion of lignification {unknown}
 g - a potion of magic {unknown}
 i - a potion of attraction {unknown}
 m - a potion of mutation {unknown}
 o - a potion of brilliance {unknown}
 p - a potion of heal wounds
 q - a potion of might {unknown}
 t - 2 potions of curing {unknown}


   Skills:
 + Level 4.8 Fighting
 + Level 3.2 Maces & Flails
 + Level 1.6 Throwing
 + Level 3.2 Dodging
 + Level 2.1 Stealth


You had 3 spell levels left.
You didn't know any spells.
Your spell library contained the following spells:

 Spells                   Type           Power      Damage    Failure   Level
 Gell's Gravitas          Tloc           0%         N/A       71%         3
 Lesser Beckoning         Tloc           0%         N/A       71%         3
 Ozocubu's Armour         Ice            0%         N/A       71%         3
 Teleport Other           Tloc           0%         N/A       71%         3
 Ozocubu's Refrigeration  Ice            0%         4d7       100%        7


Dungeon Overview and Level Annotations

Branches:
Dungeon (4/15)
 Temple: D:4-7

Altars:
Qazlal
Trog

Shops:
D:2 !   D:3 ?[


Innate Abilities, Weirdness & Mutations

You are too large for most types of armour.
You have tough skin. (AC +1)


Message History

You hit the gnoll but do no damage. The iguana bites you.
The gnoll barely misses you.
You barely miss the gnoll. The gnoll barely misses you.
The iguana closely misses you. The iguana bites you!
The gnoll hits you with a +0 whip.
You closely miss the gnoll. The gnoll hits you with a +0 whip.
The iguana bites you!
You are too injured to fight recklessly!
You barely miss the gnoll. The gnoll closely misses you. The iguana misses you.
You hit the gnoll.
The gnoll is lightly wounded.
The iguana completely misses you. The gnoll hits you with a +0 whip.
* * * LOW HITPOINT WARNING * * *
Unknown command.
You feel much better. The gnoll hits you with a +0 whip.
The iguana bites you but does no damage.
You hit the gnoll but do no damage.
The gnoll is lightly wounded.
The gnoll hits you with a +0 whip. The iguana bites you!
The iguana closely misses you. The gnoll hits you with a +0 whip.
The gnoll barely misses you. The gnoll attacks as you move away!
The gnoll closely misses you. The gnoll attacks as you move away!
The gnoll closely misses you. The iguana bites you.
You sock the iguana!
The iguana is heavily wounded.
The gnoll hits you with a +0 whip. The iguana bites you!
* * * LOW HITPOINT WARNING * * *
You hit the iguana.
The iguana is severely wounded.
The gnoll closely misses you. The iguana closely misses you.
You hit the iguana.
You kill the iguana!
The gnoll hits you with a +0 whip!
* * * LOW HITPOINT WARNING * * *
You are confused.
You feel invigorated. The gnoll hits you with a +0 whip.
* * * LOW HITPOINT WARNING * * *
The gnoll hits you with a +0 whip!
You die...

#.≈...... #.≈.≈...≈
#.≈.≈._.≈ #.≈.≈...≈
#.≈...... #.≈.≈≈≈≈≈
###########........
##.#.#.#.#........##
#.g@......#########
##.......##
#...>.....#
###.......##
#..........#
#.#.......###
#..^........#########
#.#.#.#.#.#..........
#..#................#


You could see a gnoll.

Vanquished Creatures
  An iguana (D:3)
  3 gnolls
  An adder (D:3)
  An ufetubus (D:2)
  2 dart slugs
  5 ball pythons
  2 endoplasms (D:1)
  5 giant cockroaches
  2 goblins
  A hobgoblin (D:2)
  2 jackals (D:1)
  4 quokkas
  3 bats
  4 kobolds
  2 rats
38 creatures vanquished.

Notes
Turn   | Place    | Note
-------+----------+-------------------------------------------
     0 | D:1      | Ashen the Ogre Monk began the quest for the Orb.
     0 | D:1      | Reached XP level 1. HP: 24/24 MP: 1/1
   114 | D:1      | Reached XP level 2. HP: 31/32 MP: 2/2
   488 | D:1      | Found a faded altar of an unknown god.
   907 | D:2      | Reached XP level 3. HP: 22/40 MP: 3/3
  1453 | D:2      | Reached skill level 1 in Throwing
  1796 | D:2      | Found Oploid's Distillery.
  1799 | D:2      | Bought a potion of heal wounds for 70 gold pieces
  1902 | D:3      | Found a stormy altar of Qazlal.
  1902 | D:3      | Found Wairphej's Magic Scroll Boutique.
  2086 | D:3      | Found a bloodstained altar of Trog.
  2313 | D:3      | Reached XP level 4. HP: 49/49 MP: 4/4
  2314 | D:3      | Found Igu Cupeaz's Antique Armour Emporium.
  2832 | D:3      | HP: 1/49 [gnoll/+0 whip (9)]
  2834 | D:3      | Slain by a gnoll

Illustrated notes

Levels and vault maps discovered:
D:1:      tarquinn_simple_flora_water_b, layout_rooms,
          shapermc_ecumenical_altar_acropolis,
          hangedman_abyss_or_decor_lesser_grid
D:2:      layout_basic, serial_shops, nicolae_shop_behind_doors, minmay_cut_off
D:3:      layout_loops_ring, nicolae_qazlal_eye_of_the_storm,
          mainiacjoe_overflow_cross_hatched, serial_shops, shop, shop,
          st_stairs_4
D:4:      layout_loops_ring, mainiacjoe_overflow_divided_tiny,
          old_standard_altar, uniq_duvessa, uniq_ijyb

Skill      XL: |  1  2  3  4 |
---------------+-------------+-----
Dodging        | 3 |  3.2
Throwing       | 1 |  1.6
Maces & Flails | 3 |  3.2
Stealth        | 2 |  2.1
Fighting       | |  4.8

Action                   |  1- 3 |  4- 6 || total
-------------------------+-------+-------++-------
Melee: Mace              |    92 |       ||    92
       Flail             |    14 |    34 ||    48
Throw: Stone             |     4 |       ||     4
  Use: Potion            |       |     2 ||     2
 Stab: Sleeping          |     3 |     2 ||     5
Armor: Robe              |    40 |     7 ||    47
Dodge: Dodged            |    72 |    31 ||   103
